 Dungeon Crawl Stone Soup version 0.29.1-15-g9cfb28693d (webtiles) character file.

Game seed: 9241761726795112248

115 Danienth the Trooper (level 4, -2/40 HPs)
             Began as a Draconian Berserker on Apr 4, 2023.
             Was a Believer of Trog.
             Killed by divine providence
             ... invoked by an orc priest
              (16 damage)
             ... on level 3 of the Dungeon.
             The game lasted 00:18:13 (1779 turns).

Danienth the Trooper (Draconian Berserker)          Turns: 1779, Time: 00:18:13

Health: -2/40      AC:  7    Str: 19    XL:     4   Next: 68%
Magic:  4/4        EV: 10    Int: 10    God:    Trog [**....]
Gold:   67         SH:  6    Dex: 10    Spells: 3/3 levels left

rFire   . . .      SeeInvis .   g - +1 demon trident (drain)
rCold   . . .      Faith    .   l - +0 kite shield
rNeg    . . .      Spirit   .   (body armour unavailable)
rPois   .          Reflect  .   (helmet restricted)
rElec   .          Harm     .   p - +0 cloak
rCorr   .          Rampage  .   w - +0 pair of gloves
Will    .....                   (no boots)
Stlth   +.........              (no amulet)
HPRegen 0.13/turn               (no ring)
MPRegen 0.09/turn               (no ring)

@: no status effects
A: AC +5, unfitting armour, cold-blooded
a: Renounce Religion, Berserk, Trog's Hand


You were on level 3 of the Dungeon.
You worshipped Trog.
Trog was pleased with you.
You visited 1 branch of the dungeon, and saw 3 of its levels.

You collected 67 gold pieces.

Inventory:

Hand Weapons
 a - a +0 hand axe
 b - a +0 dagger
 d - a +0 short sword
 f - a +0 short sword
 g - a +1 demon trident of draining (weapon)
 h - a +0 club
 j - a +0 dagger
 n - a +0 dagger
 o - a +0 club
 t - a +0 club
 u - a +0 sling
 y - a +0 falchion
 z - a +0 club
 A - a +0 dagger
 C - a +0 dagger
Missiles
 c - 25 stones
 k - 6 poisoned darts (quivered)
Armour
 l - a +0 kite shield (worn)
 p - a +0 cloak (worn)
 w - a +0 pair of gloves (worn)
 B - a +0 leather armour
 D - a +0 robe
 E - a +0 robe
Magical Staves
 x - a staff of fire
Scrolls
 m - 3 scrolls of teleportation
 s - a scroll of enchant armour {unknown}
 v - a scroll of vulnerability
 F - a scroll of identify
Potions
 e - 2 potions of haste
 i - a potion of mutation
 q - a potion of lignification {unknown}
 r - a potion of curing {unknown}


   Skills:
 + Level 4.3 Fighting
 + Level 3.3(3.6) Axes
 + Level 1.8(2.8) Polearms
 + Level 3.6 Dodging
 + Level 0.1 Stealth
 + Level 0.1 Shields


You had 3 spell levels left.
You didn't know any spells.
Your spell library was empty.

Dungeon Overview and Level Annotations

Branches:
Dungeon (3/15)

Altars:


Innate Abilities, Weirdness & Mutations

Your plain brown scales are hard. (AC +5)
You cannot fit into any form of body armour.
You are cold-blooded and may be slowed by cold attacks.


Message History

Your tail-slap misses the hobgoblin.
The hobgoblin is severely wounded.
The hobgoblin hits you but does no damage.
The hobgoblin hits you.
You puncture the hobgoblin!
You kill the hobgoblin!
Trog accepts your kill.
You now have 67 gold pieces (gained 17).
Things that are here:
a +0 robe; a hobgoblin corpse
E - a +0 robe
F - a scroll of identify
There are no items here.
c - 25 stones (gained 7)
There are no items here. 3 gnolls, an orc priest and an orc come into view.
The gnoll shouts! x2; The orc priest shouts!
The orc shouts!
The orc priest moves out of view.
You don't know any spells.
As you read the scroll labelled CEMESU GEGU, it crumbles to dust.
You feel strangely unstable.
It was a scroll of teleportation.
You hit the orc but do no damage. The orc hits you but does no damage.
You completely miss the orc. The orc barely misses you.
The orc hits you but does no damage.
You hit the orc. You drain the orc.
You kill the orc!
Trog accepts your kill.
Your surroundings suddenly seem different.
You open the door.
There is an open door here.
The orc priest shouts!
You hear a shout! x2
The orc priest calls down the wrath of Beogh upon you.
Pain shoots through your body!
You closely miss the orc priest. The orc priest closely misses you.
The orc priest invokes the aid of Beogh against you.
Beogh smites you!
You closely miss the orc priest.
The orc priest calls down the wrath of Beogh upon you.
Beogh smites you!
You die...

..... ..
#.#..####.##..#. .####
..... .# .... .# ..#
.###### #.### ........ #
#...# ......... #.#...#
#
..........#.#...##g##.##
..... ..........@o......
..... .#.####.####.##.##
.......#......# ..
.......#......# #.#
.......#......# #
.......#......#
.......###'##.#
............#.#
.......###....#


You could see an orc priest and a gnoll.

Vanquished Creatures
  An orc priest (D:3)
  An orc wizard (D:3)
  2 adders
  A dart slug (D:1)
  An orc (D:3)
  9 endoplasms
  2 giant cockroaches
  5 goblins
  5 hobgoblins
  A quokka (D:1)
  4 bats (D:2)
  2 frilled lizards (D:2)
  2 kobolds
  5 rats
41 creatures vanquished.

Notes
Turn   | Place    | Note
-------+----------+-------------------------------------------
     0 | D:1      | Danienth the Draconian Berserker began the quest for the
                  | Orb.
     0 | D:1      | Reached XP level 1. HP: 19/19 MP: 1/1
   266 | D:1      | Reached XP level 2. HP: 20/26 MP: 2/2
  1026 | D:2      | Reached XP level 3. HP: 33/33 MP: 3/3
  1212 | D:2      | Found a faded altar of an unknown god.
  1218 | D:2      | Reached ** piety under Trog
  1505 | D:3      | Reached skill level 1 in Polearms
  1583 | D:3      | Reached skill level 4 in Fighting
  1583 | D:3      | Reached XP level 4. HP: 26/40 MP: 4/4
  1779 | D:3      | Killed from afar by an orc priest

Illustrated notes

Levels and vault maps discovered:
D:1:      tarquinn_simple_flora_water_b, layout_basic
D:2:      layout_basic, dreamdust_ecumenical_altar_statues,
          kennysheep_generic_room_6
D:3:      layout_basic

Skill      XL: |  1  2  3 |
---------------+----------+-----
Dodging        | 3 |  3.6
Polearms       | 1 |  1.8
Fighting       | 4 |  4.3
Axes           | |  3.3
Stealth        | |  0.1
Shields        | |  0.1

Action                   |  1- 3 |  4- 6 || total
-------------------------+-------+-------++-------
Melee: Hand axe          |    29 |       ||    29
       Tailslap          |     8 |     1 ||     9
       Demon trident     |    57 |    20 ||    77
Throw: Dart              |     1 |       ||     1
  Use: Scroll            |     3 |     2 ||     5
Armor: Skin              |    37 |    14 ||    51
Dodge: Dodged            |    53 |    10 ||    63
Block: Kite shield       |    14 |     7 ||    21
